 Dungeon Crawl Stone Soup version 0.28-a0-969-g2dcde036d2 (webtiles) character file.

Game seed: 15422470360021791848

12 Ijustatesigmund the Charlatan (level 2, -3/23 HPs)
             Began as a Gnoll Artificer on Dec 1, 2021.
             Slain by a kobold (4 damage)
             ... on level 1 of the Dungeon.
             The game lasted 00:02:09 (658 turns).

Ijustatesigmund the Charlatan (Gnoll Artificer)      Turns: 658, Time: 00:02:09

Health: -3/23      AC:  3    Str: 11    XL:     2   Next: 33%
Magic:  2/2        EV: 12    Int: 10    God:
Gold:   11         SH:  0    Dex: 12    Spells: 1/1 levels left

rFire   . . .      SeeInvis .   a - +0 club
rCold   . . .      Faith    .   (no shield)
rNeg    . . .      Spirit   .   b - +0 leather armour
rPois   .          Reflect  .   (no helmet)
rElec   .          Harm     .   (no cloak)
rCorr   .          Rampage  .   (no gloves)
Will    .....                   (no boots)
Stlth   ++........              (no amulet)
HPRegen 0.07/turn               (no ring)
MPRegen 0.08/turn               (no ring)

@: no status effects
A: fangs 1, strong nose, distributed training
a: no special abilities


You were on level 1 of the Dungeon.
You visited 1 branch of the dungeon, and saw 1 of its levels.

You collected 11 gold pieces.

Inventory:

Hand Weapons
 a - a +0 club (weapon)
Armour
 b - a +0 leather armour (worn)
Wands
 c - a wand of flame (9) (quivered)
 d - a wand of charming (10)
Potions
 f - a potion of heal wounds {unknown}
 g - a potion of flight {unknown}
 h - a potion of curing {unknown}
Miscellaneous
 e - a piece from Xom's chessboard (15/15)


   Skills:
 + Level 2.4 Fighting
 + Level 0.3 Short Blades
 + Level 0.3 Long Blades
 + Level 0.3 Axes
 + Level 0.3 Maces & Flails
 + Level 0.3 Polearms
 + Level 0.3 Staves
 + Level 0.3 Slings
 + Level 0.3 Bows
 + Level 0.3 Crossbows
 + Level 0.3 Throwing
 + Level 4.4 Armour
 + Level 2.4 Dodging
 + Level 2.2 Stealth
 + Level 0.3 Shields
 + Level 0.3 Unarmed Combat
 + Level 0.3 Spellcasting
 + Level 0.2 Conjurations
 + Level 0.2 Hexes
 + Level 0.2 Summonings
 + Level 0.2 Necromancy
 + Level 0.2 Translocations
 + Level 0.2 Transmutations
 + Level 0.2 Fire Magic
 + Level 0.2 Ice Magic
 + Level 0.2 Air Magic
 + Level 0.2 Earth Magic
 + Level 0.2 Poison Magic
 + Level 0.4 Invocations
 + Level 6.4 Evocations


You had one spell level left.
You didn't know any spells.
Your spell library was empty.

Dungeon Overview and Level Annotations

Branches:
Dungeon (1/15)

Altars:


Innate Abilities, Weirdness & Mutations

You have very sharp teeth.
Your uncanny sense of smell can sniff out nearby items.
Your experience applies equally to all skills.


Message History

Attack!
The bat closely misses you.
Your hobgoblin hits the bat.
The bat dies!
Things that are here:
a +0 whip; 4 stones; a bat corpse What are your orders? t - Bark!
Orders for allies: a - Attack new target. r - Retreat! s - Stop attacking. g - Guard the area. f - Follow me.
Anything else - Cancel.
Retreat in which direction?
Press: ? - help, Dir - move target Fall back!
A kobold comes into view. It is wielding a +0 club.
The kobold throws a stone.
The stone hits you.
You see here a rat corpse.
You are too injured to fight recklessly!
You are too injured to fight recklessly!
You are too injured to fight recklessly!
The kobold throws a stone.
The stone hits you but does no damage.
A hobgoblin comes into view.
The kobold blocks your attack.
Your bite misses the kobold. The kobold misses you.
The kobold blocks your attack. x2; The kobold closely misses you.
You barely miss the kobold. The kobold closely misses you.
Aiming: Throw Flame
Press: ? - help, Shift-Dir - straight line, f - kobold
Aim: a kobold, wielding a +0 club, wearing an amulet of reflection and quivering stones (67% to hit)
The puff of flame reflects off an invisible shield around the kobold!
The puff of flame misses you. The kobold hits you with a +0 club.
The hobgoblin hits you but does no damage.
Aiming: Throw Flame
Press: ? - help, Shift-Dir - straight line, f/p - kobold
Aim: a kobold, wielding a +0 club, wearing an amulet of reflection and quivering stones (67% to hit)
The puff of flame reflects off an invisible shield around the kobold!
The puff of flame hits you!
* * * LOW HITPOINT WARNING * * *
The kobold hits you with a +0 club.
You die...

####.###'#≈≈≈....
.....'...'≈≈≈....... ♣♣...
###+##...'≈≈≈......# ♣.....
≈≈≈≈≈#+#'#≈≈≈.....## ......
≈≈≈≈≈≈≈≈≈≈≈≈≈...... ♣......
≈≈≈≈≈≈≈≈≈≈≈≈≈...!# ♣♣.......
≈≈≈)≈≈≈≈≈≈≈≈≈....# #........
.................########.......♣
...............K@..†..)..†.....♣
................g########......♣
.................# ##..!..♣
.....#...........# #....♣
....#♣♣♣♣♣♣♣♣♣...# ###..♣ ......
....# .. #....♣ ♣♣....# . ##
...#... #####


You could see a hobgoblin and a kobold.

Vanquished Creatures
  A ball python (D:1)
  An endoplasm (D:1)
  A goblin (D:1)
  2 kobolds (D:1)
  2 bats (D:1)
7 creatures vanquished.

Vanquished Creatures (collateral kills)
  A dart slug (D:1)
  2 bats (D:1)
3 creatures vanquished.

Vanquished Creatures (others)
  A ball python (D:1)
  A hobgoblin (D:1)
  2 rats (D:1)
4 creatures vanquished.

Grand Total: 14 creatures vanquished

Notes
Turn   | Place    | Note
-------+----------+-------------------------------------------
     0 | D:1      | Ijustatesigmund the Gnoll Artificer began the quest for the
                  | Orb.
     0 | D:1      | Reached XP level 1. HP: 17/17 MP: 1/1
   623 | D:1      | Reached XP level 2. HP: 15/23 MP: 2/2
   658 | D:1      | HP: 1/23 [reflected bolt (9)]
   658 | D:1      | Slain by a kobold

Illustrated notes

Levels and vault maps discovered:
D:1:      dpeg_arrival_castle, layout_rooms, serial_forest,
          infiniplex_forest_join, infiniplex_forest_straight_1,
          infiniplex_forest_corner_2, infiniplex_forest_lined_room_2,
          infiniplex_forest_end_double, infiniplex_forest_side_room,
          infiniplex_forest_straight_3, nrook_campfire

Action                   || total
-------------------------++-------
Melee: Club              ||    39
       Bite              ||     3
Evoke: Wand              ||    11
Armor: Leather armour    ||    25
Dodge: Dodged            ||    46

Table legend: (Time is in decaauts)
 A = Elapsed time spent in this place.
 B = Non-inter-level travel time spent in this place.
 C = Inter-level travel time spent in this place.
 D = Time resting spent in this place.
 E = Time spent auto-exploring this place.
 F = Levels seen in this place.
 G = Mean time per level.
                   A        B        C        D        E       F      G
               +--------+--------+--------+--------+--------+-----+--------+
         Total |    672 |    672 |      0 |    380 |    149 |   1 |  672.0 |
       Dungeon |    672 |    672 |      0 |    380 |    149 |   1 |  672.0 |
               +--------+--------+--------+--------+--------+-----+--------+

Top non-repeatable levels by time:
     D:1: 672 daAuts
